 Dungeon Crawl Stone Soup version 0.13-a0-2485-g242ae62 (webtiles) character file.

104 Rycklaryybbe the Caller (level 3, 0/28 HPs)
             Began as a Draconian Summoner on July 21, 2013.
             Succumbed to an adder's poison
             ... on Level 2 of the Dungeon.
             The game lasted 00:09:18 (1484 turns).

Rycklaryybbe the Caller (Draconian Summoner)        Turns: 1484, Time: 00:09:19

HP   0/28        AC  5     Str 10      XL: 3   Next: 87%
MP   7/7         EV 12     Int 13 (16) God:
Gold 41          SH  0     Dex 11      Spells:  2 memorised,  4 levels left

Res.Fire  : . . .   See Invis. : .   t - +2,+0 whip (vamp)
Res.Cold  : . . .   Warding    : .   (armour unavailable)
Life Prot.: . . .   Conserve   : .   (no shield)
Res.Poison: .       Res.Corr.  : .   (helmet restricted)
Res.Elec. : .       Clarity    : .   (no cloak)
Sust.Abil.: . .     Spirit.Shd : .   (no gloves)
Res.Mut.  : .       Stasis     : .   (no boots)
Res.Rott. : .       Flight     : .   (no amulet)
Saprovore : . . .                    (no ring)
                                     (no ring)

@: mildly poisoned, not resistant to hostile enchantments, unstealthy
A: unfitting armour, hooves 1, deterioration 1, +10% hp, AC +5
a: no special abilities


You were on level 2 of the Dungeon.
You were hungry.

You visited 1 branch of the dungeon, and saw 2 of its levels.

You collected 21 gold pieces.

Inventory:

Hand weapons
 e - a +0,+0 whip
 f - a +2,+1 dagger
 j - a +0,+0 hand axe
 l - a +0,+0 orcish dagger
 q - a +0,+0 sling
 t - a +2,+0 vampiric whip (weapon)
Missiles
 d - 6 darts (quivered)
 i - 37 stones
Comestibles
 c - 2 chunks of goblin flesh
 g - a chunk of giant cockroach flesh
 k - a chunk of rat flesh
Scrolls
 a - 3 scrolls of identify {unknown}
 h - 3 scrolls of teleportation {unknown}
 m - a scroll of random uselessness {unknown}
Books
 b - a book of Callings

   Spells                             Type                      Level
   *Summon Small Mammal               Summoning                    1
   *Call Imp                          Summoning                    2
   Call Canine Familiar               Summoning                    3
   Summon Scorpions                   Summoning/Poison             4
   Summon Ice Beast                   Ice/Summoning                4


   Skills:
 + Level 1.7 Maces & Flails
 - Level 1.7 Dodging
 - Level 1.7 Stealth
 - Level 2.9 Spellcasting
 - Level 4.0 Summonings


You had 4 spell levels left.
You knew the following spells:

 Your Spells              Type           Power        Failure   Level  Hunger
a - Summon Small Mammal   Summ           ##..         6%          1    #......
b - Call Imp              Summ           ##........   10%         2    ##.....


Dungeon Overview and Level Annotations

Branches:
Dungeon (2/27)

Altars:
Fedhas


Innate Abilities, Weirdness & Mutations

Your plain brown scales are hard (AC +5).
Your body does not fit into most forms of armour.
Your cold-blooded metabolism reacts poorly to cold.
You have large cloven feet.
Your body is slowly deteriorating.
You are robust (+10% HP).


Message History

The goblin is almost dead.
The goblin hits you but does no damage.
You closely miss the goblin. Your kick misses the goblin.
The goblin is almost dead.
The goblin hits you with a dagger.
* * * LOW HITPOINT WARNING * * *
You hit the goblin.
You feel better.
You kill the goblin!
You see here a dagger.
You aren't carrying any potions.
Read which item? (? for menu, Esc to quit)
As you read the scroll labeled SKIUGE LISOICO, it crumbles to dust.
Nothing appears to happen.
There is an open door here.
* * * LOW HITPOINT WARNING * * *
You feel sick.
You start resting.
* * * LOW HITPOINT WARNING * * *
You feel sick.
You die...

#.......'.##.......#
#.......######+#####
###'##### ##.# #..#
###+###### #.##
#........# #.#
#........+
##'#########.......(#
.....##...)'....@...#
.....'..####........#
.....#### #........#
.....# #.[......#
.....# ##########
######


There were no monsters in sight!

Vanquished Creatures
  Ijyb (D:2)
  2 adders (D:2)
  A giant gecko (D:1)
  4 goblins
  A hobgoblin (D:1)
  A quokka (D:2)
  4 bats (D:1)
  4 giant cockroaches
  3 giant newts (D:1)
  6 kobolds
  4 rats
31 creatures vanquished.

Vanquished Creatures (collateral kills)
  A hobgoblin (D:2)
  A giant newt (D:2)
  A goblin (D:2)
  5 kobolds
8 creatures vanquished.

Vanquished Creatures (others)
  A grey rat (D:2)
  2 bats (D:1)
  2 rats (D:1)
5 creatures vanquished.

Grand Total: 44 creatures vanquished

Notes
Turn   | Place    | Note
--------------------------------------------------------------
     0 | D:1      | Rycklaryybbe, the Draconian Summoner, began the quest for the Orb.
     0 | D:1      | Reached XP level 1. HP: 14/14 MP: 3/3
   384 | D:1      | Reached XP level 2. HP: 11/20 MP: 5/5
   405 | D:1      | Learned a level 2 spell: Call Imp
   995 | D:2      | Found a blossoming altar of Fedhas.
  1136 | D:2      | Reached XP level 3. HP: 26/26 MP: 2/7
  1199 | D:2      | Gained mutation: Your body is slowly deteriorating. [potion of mutation]
  1199 | D:2      | Gained mutation: You have large cloven feet. [potion of mutation]
  1199 | D:2      | Gained mutation: You are robust (+10% HP). [potion of mutation]
  1278 | D:2      | Noticed Ijyb
  1322 | D:2      | Killed Ijyb
  1322 | D:2      | Reached skill level 1 in Maces & Flails
  1465 | D:2      | HP: 1/28 [adder (2)]
  1470 | D:2      | HP: 1/28 [goblin/dagger (4)]
  1483 | D:2      | HP: 1/28 [poisoned by an adder]
  1484 | D:2      | Succumbed to an adder's poison

Action                   || total
-------------------------++-------
Melee: Whip              ||   170
 Cast: Summon Small Mamm ||    11
       Call Imp          ||     4
  Use: Potion            ||     7
       Scroll            ||     1
 Stab: Distracted        ||     1
